 Dungeon Crawl Stone Soup version 0.17.0 (webtiles) character file.

5208 Eucla the Grappler (level 10, -1/100 HPs)
             Began as a Troll Monk on Nov 21, 2015.
             Was a Priest of Nemelex Xobeh.
             Slain by a crocodile (15 damage)
             ... on level 9 of the Dungeon.
             The game lasted 00:16:00 (6757 turns).

Eucla the Grappler (Troll Monk)                     Turns: 6757, Time: 00:16:00

Health: -1/100     AC:  6    Str: 22    XL:     10   Next: 35%
Magic:  21/21      EV: 16    Int:  7    God:    Nemelex Xobeh [***...]
Gold:   230        SH:  0    Dex: 20    Spells: 0 memorised, 9 levels left

rFire  . . .     SeeInvis .       - Unarmed
rCold  . . .     Clarity  .     a - +0 robe
rNeg   . . .     SustAt   .     (no shield)
rPois  .         Gourm    +     (helmet restricted)
rElec  .         Spirit   .     (no cloak)
rCorr  .         Warding  .     (gloves unavailable)
rMut   .         Stasis   .     (boots unavailable)
MR     .....                    (no amulet)
Stlth  ++........               N - +4 ring of dexterity
                                G - ring of the Octopus King {MP+9 AC+1 EV+1 Str+1 Int+1 Dex+1}

@: not resistant to hostile enchantments, unstealthy
A: unfitting armour, claws 3, fast metabolism 3, gourmand, regeneration 2,
shaggy fur 1, tough skin 2
a: Triple Draw, Renounce Religion


You were on level 9 of the Dungeon.
You worshipped Nemelex Xobeh.
Nemelex Xobeh was most pleased with you.
You were not hungry.

You visited 2 branches of the dungeon, and saw 10 of its levels.

You collected 443 gold pieces.
You spent 213 gold pieces at shops.

Inventory:

Armour
 a - a +0 robe (worn)
Jewellery
 k - an uncursed ring of fire
 A - an uncursed ring of protection from cold
 B - an uncursed ring of protection from fire
 C - an uncursed ring of positive energy
 G - a ring of the Octopus King (left claw) {MP+9 AC+1 EV+1 Str+1 Int+1 Dex+1}
   (You bought it in a shop on level 5 of the Dungeon)

   [ring of magical power]

   It affects your AC (+1).
   It affects your evasion (+1).
   It affects your strength (+1).
   It affects your intelligence (+1).
   It affects your dexterity (+1).
   It affects your magic capacity (+9).
 N - a +4 ring of dexterity (right claw)
Wands
 F - a wand of fire (0)
 I - a wand of teleportation (0)
 M - a wand of slowing (25)
 O - a wand of disintegration (11)
 P - a wand of frost (9)
 U - a wand of flame (20)
 V - a wand of random effects (14)
Scrolls
 c - 2 scrolls of immolation {unknown}
 d - 5 scrolls of identify {unknown}
 f - 3 scrolls of recharging {unknown}
 g - a scroll of noise {unknown}
 h - a scroll of amnesia {unknown}
 j - a scroll of magic mapping {unknown}
 n - 8 scrolls of remove curse {unknown}
 o - 6 scrolls of enchant armour {unknown}
 p - 2 scrolls of random uselessness {unknown}
 r - 3 scrolls of enchant weapon {unknown}
 y - 6 scrolls of teleportation {unknown}
 L - 2 scrolls of fear {unknown}
Potions
 e - a potion of might {unknown}
 l - 3 potions of curing
 m - 3 potions of agility {unknown}
 s - 3 potions of poison
 t - 2 potions of flight {unknown}
 u - 3 potions of haste {unknown}
 w - a potion of lignification {unknown}
 D - a potion of brilliance {unknown}
 H - a potion of berserk rage {unknown}
 J - a potion of ambrosia {unknown}
 K - a potion of cure mutation {unknown}
 T - a potion of degeneration {unknown}
Books
 v - a book of Fire

   Spells                             Type                      Level
   a - Ignite Poison                  Fire/Transmutation/Poison    3
   b - Fireball                       Conjuration/Fire             5
   c - Bolt of Fire                   Conjuration/Fire             6
   d - Delayed Fireball               Conjuration/Fire             7
   e - Ring of Flames                 Charms/Fire                  7
 x - a book of Minor Magic

   Spells                             Type                      Level
   a - Magic Dart                     Conjuration                  1
   b - Blink                          Translocation                2
   c - Call Imp                       Summoning                    2
   d - Repel Missiles                 Charms/Air                   2
   e - Slow                           Hexes                        2
   f - Conjure Flame                  Conjuration/Fire             3
   g - Mephitic Cloud                 Conjuration/Poison/Air       3
Miscellaneous
 S - a plain deck of war {drawn: 4}
Comestibles
 b - 7 bread rations
 i - 7 meat rations
 q - 15 fruits
 z - 2 beef jerkies


   Skills:
 + Level 6.4 Fighting
 + Level 6.4 Dodging
 - Level 1.1 Stealth
 * Level 11.0 Unarmed Combat
 + Level 4.0 Evocations


You had 9 spell levels left.
You didn't know any spells.

Dungeon Overview and Level Annotations

Branches:
Dungeon (9/15)             Temple (1/1) D:7
   Lair: D:8-11         Orc: D:9-12

Altars:
Ashenzari
Cheibriados
Dithmenos
Elyvilon
Fedhas
Gozag
Kikubaaqudgha
Makhleb
Nemelex Xobeh
Okawaru
Qazlal
Ru
Sif Muna
Trog
Vehumet
Xom
Yredelemnul
Zin
The Shining One

Shops:
D:5 ([*:

Annotations:
D:9 Erolcha, Gastronok, Maurice


Innate Abilities, Weirdness & Mutations

You are too large for most types of armour.
You have claws for hands.
Your metabolism is lightning-fast.
You like to eat raw meat.
You heal very quickly.
You are covered in fur (AC +1).
You have very tough skin (AC +2).


Message History

* * * LOW HITPOINT WARNING * * *
The giant frog zombie hits you but does no damage.
Found a spear.
There is an open door here.
Unknown command.
Found a runed giant club.
The giant frog zombie hits you!
* * * LOW HITPOINT WARNING * * *
Unknown command.
The giant frog zombie closely misses you.
The giant frog zombie barely misses you.
A crocodile comes into view.
The giant frog zombie closely misses you.
The giant frog zombie hits you.
* * * LOW HITPOINT WARNING * * *
Unknown command.
Unknown command.
The crocodile bites you!
You die...
Your body disappears without a glow.

#....)....#####
#.............#
#.............#
#..........)..##########
#.......................
#.......................
#.......................
#..............t........
#.............TZ@....#
#?............########
#.............#
#.............#
#.............#
#.............#
#.............#
#[............#
#Jr......


You could see a troll, a crocodile and a giant frog zombie.

Vanquished Creatures
  The ghost of Eucla the Grappler, a novice TrMo of Nemelex Xobeh (D:8)
  Pikel (D:7)
  4 wolves (D:8)
  The ghost of lunatic the Shooter, an amateur TeAM (D:3)
  Duvessa (D:5)
  2 water moccasins
  A necrophage (D:9)
  2 sky beasts
  4 ice beasts
  4 ogres
  A black bear (D:8)
  3 centaurs
  2 phantoms (D:5)
  5 giant frogs
  Dowan (D:5)
  5 scorpions
  3 killer bees (D:6)
  An electric eel (D:8)
  A crimson imp (D:5)
  2 jellies (D:8)
  5 orc priests
  A centaur zombie (D:6)
  2 hounds
  3 iguanas
  Terence (D:2)
  Natasha (thrice) (D:2)
  3 orc wizards (D:7)
  8 worker ants
  A giant frog simulacrum (D:8)
  A hound zombie (D:8)
  2 hound skeletons
  8 gnolls
  A worker ant zombie (D:6)
  10 adders
  A shadow imp (D:6)
  A white imp (D:8)
  An ufetubus (D:8)
  An adder zombie (D:5)
  A worm (D:6)
  An adder skeleton (D:6)
  8 giant geckos
  14 orcs
  A ball python (D:3)
  9 bats
  7 giant cockroaches
  6 goblins
  9 hobgoblins
  6 giant newts
  13 jackals
  A jackal skeleton (D:4)
  8 kobolds
  7 quokkas
  9 rats
198 creatures vanquished.

Vanquished Creatures (collateral kills)
  A white imp (D:8)
  A quokka (D:8)
2 creatures vanquished.

Vanquished Creatures (others)
  An orc (D:7)
1 creature vanquished.

Grand Total: 201 creatures vanquished

Notes
Turn   | Place    | Note
--------------------------------------------------------------
     0 | D:1      | Eucla the Troll Monk began the quest for the Orb.
     0 | D:1      | Reached XP level 1. HP: 22/22 MP: 0/0
   147 | D:1      | Reached XP level 2. HP: 29/29 MP: 1/1
   341 | D:1      | Reached XP level 3. HP: 33/36 MP: 2/2
   904 | D:2      | Noticed Natasha
   942 | D:2      | Killed Natasha
   942 | D:2      | Reached skill level 5 in Unarmed Combat
   942 | D:2      | Reached XP level 4. HP: 44/44 MP: 3/3
  1039 | D:2      | Noticed Natasha
  1044 | D:2      | Killed Natasha
  1054 | D:2      | Noticed Natasha
  1062 | D:2      | Killed Natasha
  1124 | D:2      | Noticed Terence
  1138 | D:2      | Killed Terence
  1230 | D:2      | Reached XP level 5. HP: 53/53 MP: 4/4
  1448 | D:3      | Noticed lunatic's ghost (amateur TeAM)
  1465 | D:3      | Killed lunatic's ghost
  1465 | D:3      | Reached XP level 6. HP: 58/61 MP: 5/5
  1469 | D:3      | Found a sacrificial altar of Ru.
  1528 | D:3      | Reached skill level 6 in Unarmed Combat
  1858 | D:3      | Found a shimmering altar of Xom.
  1860 | D:3      | Found a shimmering altar of Xom.
  1860 | D:3      | Found a shimmering altar of Xom.
  1868 | D:3      | Found a shimmering altar of Xom.
  1868 | D:3      | Found a shimmering altar of Xom.
  1869 | D:3      | Found a shimmering altar of Xom.
  1890 | D:3      | Found a shimmering altar of Xom.
  2203 | D:4      | Reached XP level 7. HP: 25/68 MP: 6/6
  2460 | D:4      | Reached skill level 7 in Unarmed Combat
  2787 | D:4      | Found a white marble altar of Elyvilon.
  3048 | D:5      | Entered Level 5 of the Dungeon
  3055 | D:5      | Found Ronaecakh's Assorted Antiques.
  3064 | D:5      | Bought a ring of the Octopus King for 155 gold pieces
  3064 | D:5      | Bought a bubbling blue potion for 27 gold pieces
  3064 | D:5      | Bought a scroll labeled GOUTIEKLAROV for 31 gold pieces
  3065 | D:5      | Identified a ring of the Octopus King {MP+9 AC+1 EV+1 Str+1 Int+1 Dex+1} (You bought it in a shop on level 5 of the Dungeon)
  3089 | D:5      | Found a basalt altar of Yredelemnul.
  3091 | D:5      | Noticed Dowan
  3110 | D:5      | Killed Dowan
  3156 | D:5      | Found an opulent altar of Gozag.
  3176 | D:5      | Reached XP level 8. HP: 75/79 MP: 7/7
  3191 | D:5      | Noticed Duvessa
  3233 | D:5      | Killed Duvessa
  3233 | D:5      | Reached skill level 8 in Unarmed Combat
  3264 | D:5      | Found a snail-covered altar of Cheibriados.
  3265 | D:5      | Found a blossoming altar of Fedhas.
  3343 | D:5      | Reached skill level 1 in Evocations
  3373 | D:5      | Found a glowing silver altar of Zin.
  3414 | D:5      | Found Tuulusch's Book Shop.
  3645 | D:5      | Found Egroifet's Antique Weapon Shoppe.
  3673 | D:5      | Found Mupep's Antique Armour Shop.
  3871 | D:6      | Reached skill level 5 in Fighting
  4016 | D:6      | Reached skill level 5 in Dodging
  4079 | D:6      | Found a shadowy altar of Dithmenos.
  4138 | D:6      | Reached skill level 9 in Unarmed Combat
  4431 | D:6      | Reached XP level 9. HP: 88/88 MP: 9/9
  4446 | D:6      | Found a radiant altar of Vehumet.
  4939 | D:7      | Noticed Pikel
  4947 | D:7      | Killed Pikel
  4947 | D:7      | Reached skill level 10 in Unarmed Combat
  5116 | D:7      | Found a staircase to the Ecumenical Temple.
  5133 | Temple   | Entered the Ecumenical Temple
  5177 | Temple   | Became a worshipper of Nemelex Xobeh the Trickster
  5177 | Temple   | Received a gift from Nemelex Xobeh
  5177 | Temple   | Reached * piety under Nemelex Xobeh
  5177 | Temple   | Received a gift from Nemelex Xobeh
  5177 | Temple   | Reached ** piety under Nemelex Xobeh
  5412 | D:8      | Found a stormy altar of Qazlal.
  5430 | D:8      | Found a bloodstained altar of Trog.
  5536 | D:8      | Noticed Eucla's ghost (novice TrMo)
  5558 | D:8      | Reached XP level 10. HP: 94/98 MP: 11/11
  5565 | D:8      | Killed Eucla's ghost
  5636 | D:8      | Received a gift from Nemelex Xobeh
  5639 | D:8      | Found an iron altar of Okawaru.
  5964 | D:8      | Reached skill level 11 in Unarmed Combat
  5977 | D:8      | Found an ancient bone altar of Kikubaaqudgha.
  6412 | D:9      | Reached *** piety under Nemelex Xobeh
  6412 | D:9      | Received a gift from Nemelex Xobeh
  6439 | D:9      | Noticed Gastronok
  6456 | D:9      | Noticed Maurice
  6473 | D:9      | Noticed Gastronok
  6473 | D:9      | Gastronok changed into Gastronok the acid blob
  6679 | D:9      | Noticed Maurice
  6679 | D:9      | Maurice changed into Maurice the ogre
  6679 | D:9      | Noticed Gastronok
  6679 | D:9      | Gastronok the acid blob changed into Gastronok the caustic shrike
  6695 | D:9      | Noticed Erolcha
  6757 | D:9      | Slain by a crocodile

Action                   |  1- 3 |  4- 6 |  7- 9 | 10-12 || total
-------------------------+-------+-------+-------+-------++-------
Melee: Unarmed           |    77 |   148 |   287 |    58 ||   570
Evoke: Wand              |       |       |     7 |     1 ||     8
       Deck              |       |       |     1 |    17 ||    18
  Use: Potion            |       |       |       |     2 ||     2
 Stab: Sleeping          |     1 |     1 |     6 |       ||     8
       Distracted        |       |     1 |       |       ||     1
  Eat: Chunk             |    12 |    14 |    30 |     1 ||    57
       Pizza             |       |       |       |     1 ||     1
